 Dungeon Crawl Stone Soup version 0.30-a0-715-gdb4ae3ece1 (webtiles) character file.

Game seed: 8432708310575474701

47420 Imper the Slicer (level 14, -4/103 HPs)
             Began as a Demonspawn Wanderer on Jan 16, 2023.
             Was an Initiate of Yredelemnul.
             Slain by a naga warrior
             ... wielding a +0 halberd
              (21 damage)
             ... on level 4 of the Snake Pit on Jan 24, 2023.
             The game lasted 01:25:22 (12971 turns).

Imper the Slicer (Demonspawn Wanderer)             Turns: 12971, Time: 01:25:22

Health: -4/103     AC: 22    Str:  9    XL:     14   Next: 8%
Magic:  0/27       EV: 13    Int: 14    God:    Yredelemnul [......]
Gold:   479        SH: 19    Dex: 19    Spells: 25/31 levels left

rFire   . . .      SeeInvis +    y - +3 dagger of Sudden Death {drain, rPois rF+ Int+2}
rCold   . . .      Faith    .    R - +2 kite shield {reflect}
rNeg    . . .      Spirit   +    q - +3 leather armour "Jytate Lion" {Rampage rPois}
rPois   +          Reflect  +    (helmet restricted)
rElec   .          Harm     .    k - +2 cloak
rCorr   .          Rampage  +    c - +1 pair of gloves
Will    +....                    h - +2 pair of boots of Precision Catastrophes {rF- Regen+ Str-4 Stlth+}
Stlth   ++++                     f - amulet of reflection
HPRegen 1.17/turn                H - +4 ring of protection
MPRegen 0.40/turn                I - ring of see invisible

@: lethally poisoned (-4 -> -4), about to teleport, constricted
A: horns 1, thin metallic scales 2, foul stench 2, magic shield, magic
regeneration
a: Renounce Religion, Recall Undead Harvest


You were on level 4 of the Snake Pit.
You worshipped Yredelemnul.
Yredelemnul was noncommittal.
You visited 3 branches of the dungeon, and saw 15 of its levels.
You also visited: Sewer.

You collected 770 gold pieces.
You spent 291 gold pieces at shops.

Inventory:

Hand Weapons
 a - a +2 long sword of venom
 b - a +0 mace
 l - a +4 scimitar of flaming
 y - the +3 dagger of Sudden Death (weapon) {drain, rPois rF+ Int+2}
   (You found it on level 4 of the Dungeon)

   Int:       It affects your intelligence (+2).
   rF:        It protects you from fire.
   rPois:     It protects you from poison.
 C - a +3 falchion of protection
 E - a +2 falchion of pain
Armour
 c - a +1 pair of gloves (worn)
 h - the +2 pair of boots of Precision Catastrophes (worn) {rF- Regen+ Str-4 Stlth+}
   (You found it on level 2 of the Dungeon)

   Str:       It affects your strength (-4).
   rF:        It makes you vulnerable to fire.
   Regen:     It increases your rate of health regeneration.
   Stlth:     It makes you more stealthy.
 k - a +2 cloak (worn)
 q - the +3 leather armour "Jytate Lion" (worn) {Rampage rPois}
   (You found it on level 4 of the Dungeon)

   rPois:     It protects you from poison.
   Rampage:   It bestows one free step when moving towards enemies.
 r - a scarf of harm
 z - a scarf of shadows
 J - +2 steam dragon scales
 Q - a +2 kite shield of positive energy
 R - a +2 kite shield of reflection (worn)
Jewellery
 f - an amulet of reflection (around neck)
 i - a +6 ring of strength
 o - a ring of poison resistance
 w - an amulet of guardian spirit
 A - a +4 ring of protection
 H - a +4 ring of protection (left hand)
 I - a ring of see invisible (right hand)
 M - a ring of protection from cold
 O - an amulet of regeneration
Wands
 B - a wand of flame (25)
Scrolls
 g - 3 scrolls of teleportation
 m - a scroll of magic mapping
 v - a scroll of identify
 L - a scroll of amnesia
 P - a scroll of noise
Potions
 j - a potion of attraction {unknown}
 n - 4 potions of flight
 s - 3 potions of lignification
 t - a potion of brilliance
 u - 2 potions of magic
 N - 5 potions of mutation
 U - a potion of berserk rage


   Skills:
 + Level 7.4 Fighting
 * Level 11.7(12.1) Short Blades
 - Level 4.8(9.0) Long Blades
 + Level 1.0 Maces & Flails
 + Level 5.2 Armour
 + Level 9.3 Dodging
 + Level 6.9 Stealth
 + Level 9.6 Shields
 + Level 0.2 Unarmed Combat
 * Level 9.1 Spellcasting
 + Level 1.9 Necromancy
 + Level 0.6 Translocations
 + Level 2.0 Invocations
 + Level 1.4 Evocations


You had 25 spell levels left.
You knew the following spells:

 Your Spells              Type           Power      Damage    Failure   Level
a - Cigotuvi's Dreadful   Necr/Pois/Air  16%        N/A       38%         2
b - Poisonous Vapours     Pois/Air       12%        N/A       47%         2
c - Necrotise             Necr           44%        1d6       16%         1
d - Apportation           Tloc           16%        N/A       28%         1

Your spell library contained the following spells:

 Spells                   Type           Power      Damage    Failure   Level
 Summon Small Mammal      Summ           24%        N/A       34%         1
 Vampiric Draining        Necr           11%        2d6       43%         3
 Vhi's Electric Charge    Tloc/Air       14%        N/A       67%         3
 Call Canine Familiar     Summ           6%         N/A       71%         3
 Mephitic Cloud           Conj/Pois/Air  6%         N/A       71%         3
 Ozocubu's Armour         Ice            6%         N/A       71%         3
 Stone Arrow              Conj/Erth      12%        3d7       71%         3
 Summon Guardian Golem    Hex/Summ       6%         N/A       71%         3
 Anguish                  Hex/Necr       4%         N/A       93%         4
 Passage of Golubria      Tloc           8%         N/A       95%         4
 Animate Armour           Summ/Erth      12%        N/A       98%         4
 Agony                    Necr           11%        N/A       99%         5
 Alistair's Intoxication  Tmut/Pois      4%         N/A       100%        5
 Arcjolt                  Conj/Air       3%         1d13      100%        5
 Borgnjor's Vile Clutch   Necr/Erth      4%         N/A       100%        5
 Metabolic Englaciation   Hex/Ice        3%         N/A       100%        5
 Silence                  Hex/Air        3%         N/A       100%        5
 Yara's Violent Unravell  Hex/Tmut       3%         3d4       100%        5
 Enfeeble                 Hex            3%         N/A       100%        7
 Lehudib's Crystal Spear  Conj/Erth      3%         10d2      100%        8
 Maxwell's Capacitive Co  Air            3%         ∞         100%        8
 Animate Dead             Necr           Unusable   N/A       N/A         4
 Death Channel            Necr           Unusable   N/A       N/A         6
 Simulacrum               Ice/Necr       Unusable   N/A       N/A         6

Dungeon Overview and Level Annotations

Branches:
Dungeon (9/15)             Temple (0/1) D:6            Lair (2/5) D:9
  Snake (4/4) Lair:2        Sewer (visited)
  Swamp: Lair:2-3    Shoals: Lair:2-3       Orc: D:9-12

Altars:
Cheibriados
Dithmenos
Fedhas
Qazlal
Ru
Sif Muna
Yredelemnul

Shops:
D:3 *   D:5 *   D:7 [   D:8 :


Innate Abilities, Weirdness & Mutations

You have a pair of small horns on your head.
You are mostly covered in thin metallic scales. (AC +3)
You sometimes emit foul miasma when damaged in melee.
When hurt, damage is shared between your health and your magic reserves.
You regenerate magic rapidly.


Message History

You hit the guardian serpent.
Your headbutt misses the guardian serpent.
The guardian serpent is almost dead.
You feel sick. You block the naga's attack. The naga constricts you.
You block the guardian serpent's attack.
You hit the guardian serpent but do no damage.
Your headbutt misses the guardian serpent.
The guardian serpent is almost dead.
You block the naga warrior's attack.
Your naga zombie constricts the naga warrior.
The guardian serpent coils itself and waves its upper body at you.
You easily resist.
You closely miss the naga.
The naga is lightly wounded.
You feel sick.
The naga hits you with a +0 battleaxe!!!
The naga constricts you. The guardian serpent barely misses you.
You hit the naga. Your headbutt misses the naga.
The naga is lightly wounded.
You feel sick.
The naga warrior hits you but does no damage.
You block the naga's attack. The naga constricts you.
Your naga zombie constricts the naga warrior.
As you read the scroll of teleportation, it crumbles to dust.
You feel strangely unstable.
You feel sick.
You block the guardian serpent's attack.
The naga warrior hits you from afar with a +0 halberd!
* * * LOW HITPOINT WARNING * * *
You block the guardian serpent's attack.
The naga spits poison at you.
The splash of poison hits you but does no damage.
You resist. The naga constricts you.
* * * LOW HITPOINT WARNING * * *
You closely miss the naga. You headbutt the naga.
The naga is moderately wounded.
You block the guardian serpent's attack.
Your naga zombie constricts the naga warrior.
The naga warrior hits you from afar with a +0 halberd!!
You die...
Your body rises from the dead as a mindless zombie.

......########.....
.........#........
.#......###.....#
.##.....###.....#
.###.....##.....#
..##............#
..............§§#
..............§S#########.
.............|§N@ZNNN.....
.###################N...##
.# ...# .# ..# N.# .# #


You could see a naga warrior (strong), a guardian serpent (drained), a naga
(strong, catching breath, ally target) and a friendly naga zombie.

Vanquished Creatures
  Kirke (Snake:4)
  Donald (Snake:4)
  A nagaraja (Snake:2)
  A hydra (Lair:2)
  5 anacondas
  Erica (Lair:1)
  4 naga warriors
  2 two-headed ogres
  A shock serpent (Snake:3)
  5 naga sharpshooters
  Pikel (D:7)
  3 naga ritualists
  6 mana vipers
  An elephant (D:9)
  6 salamanders
  Joseph (Lair:1)
  13 black mambas
  2 naga magi
  3 cane toads
  2 rime drakes (Lair:2)
  Maggie (D:8)
  3 komodo dragons
  A polar bear (Lair:1)
  Grinder (D:5)
  A blink frog (Lair:2)
  A vampire (D:9)
  6 hogs (Snake:4)
  3 wyverns
  10 yaks
  Menkaure (D:7)
  A two-headed ogre zombie (D:9)
  10 nagas
  6 water moccasins
  4 ice beasts
  2 orc warriors
  3 black bears
  2 ogres (D:5)
  5 wolves (Lair:2)
  2 centaurs
  2 lemures (D:7)
  2 phantoms
  A kobold brigand (D:7)
  2 necrophages
  6 bullfrogs
  A gnoll sergeant (D:8)
  3 scorpions
  11 killer bees
  5 howler monkeys
  2 electric eels (Snake:1)
  3 hounds
  A jelly (D:6)
  Crazy Yiuf (D:7)
  2 orc priests
  2 gnoll boudas
  5 iguanas
  9 orc wizards
  18 gnolls
  7 adders
  3 river rats (D:4)
  A shadow imp (D:5)
  A white imp (D:6)
  3 worms
  4 dart slugs
  18 orcs
  12 ball pythons
  6 bats
  6 endoplasms
  11 giant cockroaches
  12 hobgoblins
  6 jackals
  10 kobolds
  8 quokkas
  10 frilled lizards
  7 goblins
  5 rats
329 creatures vanquished.

Vanquished Creatures (collateral kills)
  An anaconda (Snake:2)
  3 shock serpents (Snake:4)
  A naga sharpshooter (Snake:4)
  A sea snake (Snake:1)
  2 mana vipers (Snake:2)
  3 salamanders
  3 black mambas
  3 naga magi
  A cane toad (Lair:1)
  A rime drake (Lair:2)
  2 blink frogs (Lair:2)
  A yak (Lair:2)
  A hog (Snake:4)
  6 nagas
  2 water moccasins
  An orc warrior (D:9)
  A centaur (D:9)
  A wolf (Lair:2)
  3 bullfrogs
  5 wights (D:8)
  4 electric eels
  2 orc priests (D:8)
  3 orcs (D:8)
51 creatures vanquished.

Vanquished Creatures (others)
  A mana viper zombie (Snake:1)
  4 black mamba zombies
  A two-headed ogre zombie (D:8)
  An elephant zombie (D:9)
  3 hog zombies (Snake:4)
  A water moccasin zombie (Lair:1)
  4 yak zombies
  11 naga zombies
  A wolf zombie (Lair:2)
  A centaur zombie (D:9)
  A bullfrog zombie (Lair:2)
  2 human zombies
  5 killer bee zombies
  A howler monkey zombie (D:8)
  2 spectral electric eels (Snake:1)
  2 orc zombies (D:9)
  13 fungi
  125 plants
179 creatures vanquished.

Grand Total: 559 creatures vanquished

Notes
Turn   | Place    | Note
-------+----------+-------------------------------------------
     0 | D:1      | Imper the Demonspawn Wanderer began the quest for the Orb.
     0 | D:1      | Imper set off with the following items: a +0 long sword, a
                  | +0 mace, a +0 pair of gloves, a scroll of fog, a +0 leather
                  | armour.
     0 | D:1      | Reached XP level 1. HP: 16/16 MP: 1/1
   252 | D:1      | Gained mutation: You may rarely emit foul miasma when
                  | damaged in melee. [demonic ancestry]
   252 | D:1      | Reached XP level 2. HP: 22/22 MP: 2/2
   300 | D:1      | Upgraded the game from 0.30-a0-639-g3916f1956a to
                  | 0.30-a0-715-gdb4ae3ece1
   461 | D:1      | You fall into a shaft and drop 1 floor!
   546 | D:2      | Identified the +2 pair of boots of Precision Catastrophes
                  | {rF- Regen+ Str-4 Stlth+}
   578 | D:2      | Gained mutation: You regenerate magic rapidly. [demonic
                  | ancestry]
   578 | D:2      | Reached XP level 3. HP: 21/27 MP: 3/3
  1260 | D:3      | Found Ecsa's Assorted Antiques.
  1265 | D:3      | Reached XP level 4. HP: 34/34 MP: 4/4
  1965 | D:4      | Noticed a phantom
  2004 | D:4      | Reached XP level 5. HP: 40/40 MP: 5/5
  2190 | D:4      | Found a glowing drain.
  2245 | Sewer    | Entered a sewer
  2513 | Sewer    | Reached XP level 6. HP: 47/47 MP: 6/6
  2526 | Sewer    | Reached skill level 1 in Shields
  2588 | D:4      | Identified the +3 dagger of Sudden Death {drain, rPois rF+
                  | Int+2}
  2658 | D:4      | Found a snail-covered altar of Cheibriados.
  3356 | D:4      | Identified the +3 leather armour "Jytate Lion" {Rampage
                  | rPois}
  3504 | D:5      | Entered Level 5 of the Dungeon
  3522 | D:5      | Found Duanearph's Assorted Antiques.
  3555 | D:5      | Reached skill level 1 in Short Blades
  3555 | D:5      | Reached skill level 1 in Spellcasting
  3555 | D:5      | Reached XP level 7. HP: 52/52 MP: 8/8
  3567 | D:5      | Bought a blue potion for 27 gold pieces
  3574 | D:5      | Noticed Grinder
  3584 | D:5      | Paralysed by Grinder for 2 turns
  3592 | D:5      | Killed Grinder
  3593 | D:5      | Reached skill level 2 in Short Blades
  4462 | D:5      | Reached skill level 3 in Short Blades
  4540 | D:5      | Found a blossoming altar of Fedhas.
  4543 | D:5      | Reached XP level 8. HP: 60/60 MP: 9/11
  4632 | D:5      | Reached skill level 4 in Short Blades
  5118 | D:6      | Reached skill level 5 in Short Blades
  5380 | D:6      | Gained mutation: When hurt, damage is shared between your
                  | health and your magic reserves. [demonic ancestry]
  5380 | D:6      | Reached XP level 9. HP: 65/65 MP: 13/13
  5541 | D:6      | Found a staircase to the Ecumenical Temple.
  5631 | D:6      | Reached skill level 6 in Short Blades
  5859 | D:7      | Found Walave's Antique Armour Emporium.
  5903 | D:7      | Noticed Menkaure
  5922 | D:7      | Killed Menkaure
  5985 | D:7      | Noticed Pikel
  6038 | D:7      | Killed Pikel
  6111 | D:7      | Reached skill level 7 in Short Blades
  6171 | D:7      | Found a stormy altar of Qazlal.
  6173 | D:7      | Found a basalt altar of Yredelemnul.
  6175 | D:7      | Found a shimmering blue altar of Sif Muna.
  6175 | D:7      | Found a shadowy altar of Dithmenos.
  6177 | D:7      | Found a sacrificial altar of Ru.
  6191 | D:7      | Became a worshipper of Yredelemnul the Dark
  6701 | D:7      | Found a runed translucent door.
  6702 | D:7      | Noticed Crazy Yiuf
  6707 | D:7      | Killed Crazy Yiuf
  6742 | D:7      | Learned a level 2 spell: Cigotuvi's Dreadful Rot
  6745 | D:7      | Learned a level 2 spell: Poisonous Vapours
  6844 | D:8      | Noticed Maggie
  6881 | D:8      | Reached * piety under Yredelemnul
  6885 | D:8      | Killed Maggie
  6886 | D:8      | Reached XP level 10. HP: 66/73 MP: 14/16
  6905 | D:8      | Reached skill level 5 in Dodging
  6928 | D:8      | Reached ** piety under Yredelemnul
  6932 | D:8      | Reached skill level 8 in Short Blades
  6940 | D:8      | Noticed a two-headed ogre
  6963 | D:8      | Killed a two-headed ogre
  7050 | D:8      | Reached skill level 5 in Fighting
  7057 | D:8      | Reached skill level 5 in Spellcasting
  7190 | D:8      | Found Nosirad's Book Shop.
  7204 | D:8      | Bought a book of Necromancy for 264 gold pieces
  7206 | D:8      | Learned a level 1 spell: Necrotise
  7737 | D:9      | Found a staircase to the Lair.
  7737 | D:9      | Noticed an elephant
  7750 | D:9      | Noticed a two-headed ogre
  7775 | D:9      | Killed a two-headed ogre
  7776 | D:9      | Gained mutation: You are partially covered in thin metallic
                  | scales. (AC +2) [demonic ancestry]
  7776 | D:9      | Reached XP level 11. HP: 56/80 MP: 13/19
  7781 | D:9      | Reached *** piety under Yredelemnul
  8201 | Lair:1   | Entered Level 1 of the Lair of Beasts
  8272 | Lair:1   | Noticed Joseph
  8277 | Lair:1   | Killed Joseph
  8278 | Lair:1   | Reached skill level 9 in Short Blades
  8278 | Lair:1   | Reached skill level 5 in Shields
  8289 | Lair:1   | Noticed Erica
  8314 | Lair:1   | Killed Erica
  8331 | Lair:1   | Your ally Joseph died
  8884 | Lair:2   | Noticed a six-headed hydra
  8898 | Lair:2   | Killed a six-headed hydra
  9007 | Lair:2   | Reached skill level 5 in Stealth
  9007 | Lair:2   | Reached skill level 1 in Necromancy
  9151 | Lair:2   | Reached **** piety under Yredelemnul
  9201 | Lair:2   | Reached skill level 10 in Short Blades
  9210 | Lair:2   | Reached ***** piety under Yredelemnul
  9221 | Lair:2   | Found a staircase to the Snake Pit.
  9367 | Lair:2   | Gained mutation: You have a pair of small horns on your
                  | head. [demonic ancestry]
  9367 | Lair:2   | Reached XP level 12. HP: 78/88 MP: 18/22
  9387 | Snake:1  | Entered Level 1 of the Snake Pit
  9772 | Snake:1  | Noticed a naga warrior
  9848 | Snake:1  | Killed a naga warrior
  9967 | Snake:1  | Noticed a naga warrior
  9993 | Snake:1  | Reached skill level 1 in Invocations
 10000 | Snake:1  | Killed a naga warrior
 10042 | Snake:1  | Reached skill level 5 in Armour
 10285 | Snake:1  | Noticed a naga warrior
 10323 | Snake:1  | Killed a naga warrior
 10645 | Snake:2  | Noticed an anaconda
 10684 | Snake:2  | Killed an anaconda
 10815 | Snake:2  | Noticed a nagaraja
 10819 | Snake:2  | Killed a nagaraja
 10820 | Snake:2  | Gained mutation: You are mostly covered in thin metallic
                  | scales. (AC +3) [demonic ancestry]
 10820 | Snake:2  | Reached XP level 13. HP: 95/95 MP: 24/24
 10867 | Snake:2  | Reached skill level 11 in Short Blades
 10881 | Snake:2  | Reached ****** piety under Yredelemnul
 10971 | Snake:2  | Identified the +5 chain mail "Mucoeveg" {rC+ Str-4 Int+6
                  | SInv}
 11538 | Snake:3  | Learned a level 1 spell: Apportation
 12122 | Snake:4  | Entered Level 4 of the Snake Pit
 12503 | Snake:4  | Noticed Kirke
 12511 | Snake:4  | Noticed Donald
 12680 | Snake:4  | Killed Donald
 12684 | Snake:4  | Killed Kirke
 12756 | Snake:4  | Gained mutation: You sometimes emit foul miasma when
                  | damaged in melee. [demonic ancestry]
 12756 | Snake:4  | Reached XP level 14. HP: 32/103 MP: 8/27
 12951 | Snake:4  | Your ally Donald died
 12971 | Snake:4  | Slain by a naga warrior

Illustrated notes

Levels and vault maps discovered:
D:1:      lemuel_arrival_muddy, layout_basic
D:2:      layout_basic, mrwooster_statue_mirror
D:3:      layout_basic, serial_shops, nicolae_shop_overgrown_old_shop
D:4:      layout_layer_cave, lemuel_coloured_pillars_altar,
          portal_sewer_entry_b, minmay_surrounded
D:5:      layout_loops_ring, amcnicky_altar_gilded, kennysheep_diamond,
          minmay_misc_feat_chi, uniq_grinder
D:6:      layout_basic, temple_statues
D:7:      layout_loops_ring, grunt_temple_overflow_open, serial_shops, shop,
          uniq_crazy_yiuf_cottage, uniq_menkaure, uniq_pikel
D:8:      layout_basic, serial_rivers, chequers_serial_rivers_large_a,
          chequers_serial_rivers_small_b, chequers_serial_rivers_large_b,
          chequers_serial_rivers_small_a, chequers_serial_rivers_room_a,
          kennysheep_windowed_goal, uniq_maggie
D:9:      layout_basic, nzn_wu_jian_contemplation, david_lair_generic
Lair:1:   layout_gridlike, serial_bayou_crossing, uniq_erica, uniq_joseph
Lair:2:   layout_regular_city, swamp_mist, guppyfry_snake_entry_garden,
          st_stairs_11, grunt_megastairs_4, lemuel_fruit_tree,
          serial_bayou_shore_b, serial_bayou_shore_a
Snake:1:  layout_layer_cave, serial_bayou_ford_a,
          nicolae_snake_snakes_in_the_grass
Snake:2:  layout_misc_corridors, nicolae_snake_gridmaze_entwining
Snake:3:  layout_cave_town
Snake:4:  minmay_snake_end_coiled, layout_cave_town, uniq_donald, uniq_kirke

Skill      XL: |  1  2  3  4  5  6  7  8  9 10 11 12 13 |
---------------+----------------------------------------+-----
Long Blades    | 3 4 |  4.8
Stealth        | 2 3 4 5 6 |  6.9
Fighting       | 3 4 5 6 7 |  7.4
Dodging        | 2 3 4 6 7 8 9 |  9.3
Shields        | 1 2 3 4 5 7 9 |  9.6
Armour         | 2 3 4 5 |  5.2
Short Blades   | 1 3 5 7 8 10 11 | 11.7
Spellcasting   | 1 2 3 4 5 6 7 9 |  9.1
Necromancy     | 1 |  1.9
Invocations    | 2 |  2.0
Maces & Flails | |  1.0
Unarmed Combat | |  0.2
Translocations | |  0.6
Evocations     | |  1.4

Action                     |  1- 3 |  4- 6 |  7- 9 | 10-12 | 13-15 || total
---------------------------+-------+-------+-------+-------+-------++-------
  Melee: Long sword        |   103 |   196 |       |       |       ||   299
         Punch             |       |     4 |    12 |    14 |       ||    30
         Dagger            |       |    79 |   597 |  1139 |   338 ||  2153
         Headbutt          |       |       |       |   113 |    80 ||   193
         Unarmed           |       |       |       |       |     4 ||     4
   Cast: Necrotise         |       |       |       |     9 |       ||     9
         Apportation       |       |       |       |       |     1 ||     1
 Invoke: Recall Undead Har |       |       |       |     7 |     1 ||     8
         Dark Bargain      |       |       |       |     3 |       ||     3
         Stop Recall       |       |       |       |       |     1 ||     1
  Evoke: Wand              |       |       |     1 |     6 |     4 ||    11
    Use: Potion            |     1 |     2 |     3 |     8 |     8 ||    22
         Scroll            |     5 |     6 |     3 |     9 |    14 ||    37
   Stab: Sleeping          |     3 |    14 |    11 |     8 |     7 ||    43
         Distracted        |       |       |       |    12 |     2 ||    14
         Invisible         |       |       |       |     1 |       ||     1
 Armour: Leather armour    |    50 |    91 |   213 |   406 |    73 ||   833
         Skin              |       |     1 |       |       |       ||     1
  Dodge: Dodged            |    77 |   147 |   252 |   651 |   121 ||  1248
  Block: Other             |    28 |    62 |    94 |   156 |     1 ||   341
         Reflection        |       |       |     1 |    11 |    25 ||    37
         Kite shield       |       |       |       |   257 |   291 ||   548

Table legend: (Time is in decaauts)
 A = Elapsed time spent in this place.
 B = Non-inter-level travel time spent in this place.
 C = Inter-level travel time spent in this place.
 D = Time resting spent in this place.
 E = Time spent auto-exploring this place.
 F = Levels seen in this place.
 G = Mean time per level.
                   A        B        C        D        E       F      G
               +--------+--------+--------+--------+--------+-----+--------+
         Total |  12286 |  12286 |      0 |   1804 |      0 |  16 |  767.9 |
       Dungeon |   7499 |   7499 |      0 |   1245 |      0 |   9 |  833.2 |
          Lair |   1082 |   1082 |      0 |     39 |      0 |   2 |  541.0 |
     Snake Pit |   3308 |   3308 |      0 |    520 |      0 |   4 |  827.0 |
         Sewer |    397 |    397 |      0 |      0 |      0 |   1 |  397.0 |
               +--------+--------+--------+--------+--------+-----+--------+

Top non-repeatable levels by time:
     D:5: 1482 daAuts
     D:4: 1302 daAuts
 Snake:1: 1002 daAuts
 Snake:2: 973 daAuts
     D:7: 944 daAuts
     D:2: 816 daAuts
     D:8: 732 daAuts
     D:6: 694 daAuts
 Snake:4: 688 daAuts
     D:3: 650 daAuts
 Snake:3: 644 daAuts
  Lair:1: 624 daAuts
     D:1: 468 daAuts
  Lair:2: 457 daAuts
     D:9: 407 daAuts
